 Dungeon Crawl Stone Soup version 0.31-a0-222-gefeffbb62a (webtiles) character file.

Game seed: 12827369933158881696

24725 tobedeleted the Severer (level 13, -4/99 HPs)
             Began as a Formicid Fighter on July 5, 2023.
             Was a Priest of Nemelex Xobeh.
             Slain by a death yak (18 damage)
             ... on level 2 of the Lair of Beasts.
             The game lasted 00:35:15 (14763 turns).

tobedeleted the Severer (Formicid Fighter)         Turns: 14763, Time: 00:35:16

Health: -4/99      AC: 13    Str: 25    XL:     13   Next: 45%
Magic:  19/19      EV: 12    Int:  9    God:    Nemelex Xobeh [***...]
Gold:   1161       SH: 10    Dex: 13    Spells: 10/12 levels left

rFire   . . .        a - +1 war axe (heavy)
rCold   + . .        c - +0 buckler
rNeg    . . .        t - +3 scale mail {rC+}
rPois   .            (helmet unavailable)
rElec   .            l - +1 cloak
rCorr   .            (no gloves)
SInv    +            (no boots)
Will    ++...        q - amulet of reflection Stlth
                     k - ring of flight
HPRegen 0.36/turn    C - ring of willpower
MPRegen 0.16/turn

%: reflection
@: flying
A: permanent stasis, dig shafts and tunnels, antennae 3, four strong arms
a: Dig, Shaft Self, Renounce Religion, Draw Escape, Draw Destruction, Draw
Summoning, Triple Draw


You were on level 2 of the Lair of Beasts.
You worshipped Nemelex Xobeh.
Nemelex Xobeh was most pleased with you.
You visited 2 branches of the dungeon, and saw 13 of its levels.

You collected 1984 gold pieces.
You spent 823 gold pieces at shops.

Inventory:

Hand Weapons
 a - a +1 heavy war axe (weapon)
 d - a +1 flail of venom
 x - a +0 trident of venom
Missiles
 j - 4 curare-tipped darts
 m - 13 poisoned darts (quivered)
 p - 6 boomerangs of dispersal
Armour
 c - a +0 buckler (worn)
 l - a +1 cloak (worn)
 t - a +3 scale mail of cold resistance (worn)
Jewellery
 i - a ring of positive energy
 k - a ring of flight (left hand)
 q - an amulet of reflection (around neck)
 r - an amulet of the acrobat
 s - a +6 ring of dexterity
 C - a ring of willpower (right hand)
 P - a ring of ice
 Q - a ring of magical power
Wands
 F - a wand of acid (5)
 K - a wand of flame (19)
 L - a wand of polymorph (7)
 M - a wand of roots (2)
Scrolls
 n - a scroll of noise
 v - a scroll of enchant armour
 y - 3 scrolls of fog
 D - 2 scrolls of identify
 E - a scroll of acquirement
 G - a scroll of amnesia
 I - 4 scrolls of enchant weapon
 J - a scroll of poison
 N - a scroll of butterflies
 O - a scroll of torment
Potions
 e - 2 potions of cancellation
 f - 2 potions of brilliance
 g - 2 potions of magic
 h - 2 potions of attraction
 o - 5 potions of curing
 u - 2 potions of enlightenment
 w - 2 potions of heal wounds
 A - a potion of invisibility {unknown}
 B - 3 potions of mutation
 H - a potion of resistance {unknown}
Miscellaneous
 b - a lightning rod (4/4)


   Skills:
 + Level 8.5 Fighting
 - Level 16.0 Axes
 + Level 2.3 Throwing
 + Level 7.6 Armour
 + Level 5.6 Dodging
 - Level 6.6 Shields
 + Level 4.8 Transmutations
 + Level 8.6 Invocations


You had 10 spell levels left.
You knew the following spells:

 Your Spells              Type           Power      Damage    Failure   Level
w - Wereblood             Tmut           8%         N/A       22%         2

Your spell library contained the following spells:

 Spells                   Type           Power      Damage    Failure   Level
 Slow                     Hex            0%         N/A       71%         1
 Lesser Beckoning         Tloc           0%         N/A       83%         2
 Momentum Strike          Conj/Tloc      0%         3d8       83%         2
 Sublimation of Blood     Necr           0%         N/A       83%         2
 Confusing Touch          Hex            0%         N/A       97%         3
 Inner Flame              Hex/Fire       0%         N/A       97%         3
 Portal Projectile        Hex/Tloc       0%         N/A       97%         3
 Tukima's Dance           Hex            0%         N/A       97%         3
 Vampiric Draining        Necr           0%         2d6       97%         3
 Blade Hands              Tmut           4%         N/A       98%         5
 Flame Wave               Conj/Fire      0%         2d4       100%        4
 Olgreb's Toxic Radiance  Pois           0%         N/A       100%        4
 Sticky Flame             Conj/Fire      0%         2d3       100%        4
 Irradiate                Conj/Tmut      2%         3d12      100%        5
 Dragon Form              Tmut           4%         N/A       100%        7
 Storm Form               Tmut/Air       2%         N/A       100%        7
 Summon Hydra             Summ           0%         N/A       100%        7
 Discord                  Hex            0%         N/A       100%        8
 Ignition                 Fire           0%         3d3       100%        8
 Maxwell's Capacitive Co  Air            0%         ∞         100%        8
 Blink                    Tloc           Unusable   N/A       N/A         2

Dungeon Overview and Level Annotations

Branches:
Dungeon (11/15)            Temple (0/1) D:7            Lair (2/5) D:8
  Swamp: Lair:2-3    Shoals: Lair:2-3     Snake: Lair:2-3    Spider: Lair:2-3
    Orc: D:9-12

Altars:
Hepliaklqana
Kikubaaqudgha
Nemelex Xobeh
Okawaru
Uskayaw
Vehumet
Xom
Jiyva

Shops:
D:4 =   D:8 *(!=*   D:10 [

Annotations:
D:4 exclusion: statue
D:8 3 runed translucent doors, Shym's ghost, novice DEHs
Lair:1 3 runed translucent doors, P0068685's ghost, journeyman HuIE


Innate Abilities, Weirdness & Mutations

You cannot be hasted, slowed, berserked, paralysed or teleported.
You can dig through walls and to a lower floor.
You have a pair of large antennae on your head. (SInv)
Your four strong arms can wield two-handed weapons with a shield.


Message History

You kill the death yak!
You hit the death yak.
The death yak gores tobedeleted's illusion but does no damage.
The death yak gores you!
You slice the death yak!!
The death yak is heavily wounded.
You hit the death yak but do no damage.
Tobedeleted's illusion hits the death yak!!
The death yak gores you!!
* * * LOW HITPOINT WARNING * * *
The death yak gores tobedeleted's illusion. x2
The death yak looks more healthy.
Tobedeleted's illusion hits the death yak!!
The death yak gores you.
* * * LOW HITPOINT WARNING * * *
The death yak barely misses tobedeleted's illusion.
The death yak gores tobedeleted's illusion!!
You slice the death yak!!
The death yak is severely wounded.
Tobedeleted's illusion hits the death yak!
The death yak dies!
The death yak gores you but does no damage.
The death yak gores tobedeleted's illusion!
You hit the death yak.
The death yak is almost dead.
Tobedeleted's illusion hits the death yak!
You block the death yak's attack.
The death yak misses tobedeleted's illusion.
You barely miss the death yak.
The death yak is almost dead.
Tobedeleted's illusion hits the death yak.
The death yak barely misses tobedeleted's illusion.
The death yak gores you but does no damage.
You slash the death yak!
The death yak is almost dead.
Tobedeleted's illusion hits the death yak!
The death yak dies!
The death yak gores you!!
You die...
Your body glows with a rainbow of weird colours and disappears.

.......#........####..#.##.......
.......#....................###..
P....#...#..#P.#+##.+#.....###...
.....[.........#........#..# ##..
..##P..........#...........## #..
.....>.........#........#...# #..
...............#...........## #..
...............#..@†....#..## #..
#.##............@Y##.#.#....###..
######......................P##..
#.............†..........##..
##............................
####.P...........................
.................................
.##.####.#.##.#.###.P.######.####
##### ########## ##### ### #


You could see a death yak and the friendly tobedeleted's illusion (summoned).

Vanquished Creatures
  A hydra (Lair:2)
  3 death yaks (Lair:2)
  2 two-headed ogres (D:10)
  A fire crab (Lair:2)
  2 black mambas (Lair:1)
  A guardian serpent (D:11)
  5 elephants
  A cane toad (Lair:1)
  An unseen horror (D:10)
  2 kobold demonologists (D:10)
  A komodo dragon (Lair:2)
  4 trolls
  2 hornets
  A polar bear (D:8)
  Prince Ribbit (D:8)
  11 blink frogs
  2 wraiths
  28 yaks
  2 steam dragons
  Grum (D:8)
  A fire bat (Lair:2)
  2 basilisks
  4 vampire mosquitoes (D:11)
  An acid dragon (D:10)
  Edmund (D:6)
  A naga (Lair:2)
  4 water moccasins
  Duvessa (D:7)
  A black bear (D:8)
  5 orc warriors
  2 ice beasts
  3 sky beasts
  3 ogres
  4 wolves (D:8)
  6 centaurs
  3 kobold brigands
  9 bullfrogs
  A phantom (D:7)
  2 scorpions
  A gnoll sergeant (D:8)
  4 wights (D:8)
  Dowan (D:7)
  11 killer bees
  An electric eel (Lair:1)
  9 howler monkeys
  A gnoll bouda (D:7)
  2 hounds
  4 jellies
  9 orc priests
  2 iguanas
  9 orc wizards
  3 hell rats
  14 gnolls
  3 adders
  7 river rats
  3 shadow imps
  A white imp (D:7)
  2 ufetubi
  5 worms
  4 dart slugs
  40 orcs
  6 ball pythons
  7 bats
  6 endoplasms
  8 giant cockroaches
  8 goblins
  6 hobgoblins
  7 jackals
  18 kobolds
  3 quokkas
  7 frilled lizards
  7 rats
345 creatures vanquished.

Vanquished Creatures (collateral kills)
  2 death yaks (Lair:2)
  A rime drake (Lair:2)
  A warg (Lair:2)
  An ogre (Lair:2)
5 creatures vanquished.

Grand Total: 350 creatures vanquished

Notes
Turn   | Place    | Note
-------+----------+-------------------------------------------
     0 | D:1      | tobedeleted the Formicid Fighter began the quest for the
                  | Orb.
     0 | D:1      | Reached XP level 1. HP: 18/18 MP: 1/1
   142 | D:1      | Reached XP level 2. HP: 22/24 MP: 2/2
   255 | D:1      | Reached XP level 3. HP: 29/29 MP: 3/3
   701 | D:2      | Reached XP level 4. HP: 35/37 MP: 4/4
   751 | D:2      | Reached skill level 3 in Axes
  1300 | D:3      | Found a faded altar of an unknown god.
  1449 | D:3      | Reached XP level 5. HP: 7/42 MP: 5/5
  1453 | D:3      | HP: 1/42 [orc/+0 short sword (3)]
  1798 | D:3      | Found a shimmering altar of Xom.
  1931 | D:3      | Identified the +0 robe "Aliyp" {rElec Str-4 Int+2}
  2273 | D:4      | Identified a scroll of acquirement
  2273 | D:4      | Acquired 1053 gold pieces
  2417 | D:4      | Reached skill level 5 in Shields
  2433 | D:4      | Found a radiant altar of Vehumet.
  2436 | D:4      | Noticed a frost-covered statue
  2516 | D:4      | Reached skill level 4 in Axes
  2516 | D:4      | Reached XP level 6. HP: 47/48 MP: 6/6
  2755 | D:4      | Noticed an ogre
  2794 | D:4      | Killed an ogre
  2795 | D:4      | Reached XP level 7. HP: 55/55 MP: 7/7
  3350 | D:4      | Found Qany's Jewellery Boutique.
  3469 | D:5      | Entered Level 5 of the Dungeon
  3494 | D:5      | Reached skill level 5 in Axes
  3503 | D:5      | Reached skill level 5 in Fighting
  3503 | D:5      | Reached skill level 5 in Armour
  3621 | D:5      | Reached XP level 8. HP: 12/62 MP: 8/8
  3926 | D:5      | Found a sparkling altar of Nemelex Xobeh.
  4013 | D:5      | Reached skill level 6 in Axes
  4203 | D:5      | Became a worshipper of Nemelex Xobeh the Trickster
  4616 | D:6      | Reached skill level 1 in Invocations
  4618 | D:6      | Noticed Edmund
  4637 | D:6      | Killed Edmund
  4638 | D:6      | Reached skill level 1 in Dodging
  4751 | D:6      | Reached XP level 9. HP: 6/69 MP: 10/10
  4996 | D:6      | Reached * piety under Nemelex Xobeh
  5031 | D:6      | Found an ancient bone altar of Kikubaaqudgha.
  5365 | D:7      | Reached skill level 7 in Axes
  5418 | D:7      | Found a hide-covered altar of Uskayaw.
  5636 | D:7      | Found a hazy altar of Hepliaklqana.
  5766 | D:7      | Found a staircase to the Ecumenical Temple.
  5795 | D:7      | Received a gift from Nemelex Xobeh
  6204 | D:7      | Noticed Duvessa
  6205 | D:7      | Noticed Dowan
  6222 | D:7      | Killed Duvessa
  6227 | D:7      | Killed Dowan
  6719 | D:8      | Found Maxumm's Assorted Antiques.
  6728 | D:8      | Reached skill level 8 in Axes
  6742 | D:8      | Bought an inky potion for 25 gold pieces
  6775 | D:8      | Found a runed translucent gate.
  6776 | D:8      | Found a runed translucent gate.
  6777 | D:8      | Found a runed translucent gate.
  6780 | D:8      | Found a viscous altar of Jiyva.
  6780 | D:8      | Noticed Shym's ghost (novice DEHs)
  6791 | D:8      | Found Hinnella's Distillery.
  6795 | D:8      | Bought a potion of heal wounds for 65 gold pieces
  6795 | D:8      | Bought a potion of heal wounds for 65 gold pieces
  6795 | D:8      | Bought 2 potions of mutation for 208 gold pieces
  6799 | D:8      | Noticed Prince Ribbit
  6808 | D:8      | Reached XP level 10. HP: 48/79 MP: 11/13
  7057 | D:8      | Reached skill level 5 in Invocations
  7152 | D:8      | Found an iron altar of Okawaru.
  7158 | D:8      | Noticed Grum
  7165 | D:8      | Reached skill level 9 in Axes
  7380 | D:8      | Killed Prince Ribbit
  7423 | D:8      | Killed Grum
  7562 | D:8      | Reached ** piety under Nemelex Xobeh
  7571 | D:8      | Noticed Psyche
  7587 | D:8      | Psyche changed into Psyche the sky beast
  7587 | D:8      | Noticed Psyche
  7588 | D:8      | Killed Psyche the sky beast
  7719 | D:8      | Found Jaupujao's Jewellery Emporium.
  7782 | D:8      | Bought a ring of willpower for 350 gold pieces
  8218 | D:8      | Found Cocog's Antique Weapon Shop.
  8436 | D:8      | Found a staircase to the Lair.
  8440 | D:8      | Received a gift from Nemelex Xobeh
  8480 | D:8      | Reached skill level 10 in Axes
  8480 | D:8      | Reached skill level 5 in Dodging
  8480 | D:8      | Reached XP level 11. HP: 70/86 MP: 15/15
  8773 | D:8      | Found Nyin's Assorted Antiques.
  8782 | D:8      | Bought a short bone wand for 88 gold pieces
  8782 | D:8      | Bought a scroll labelled FOTSYFI YRGHU for 22 gold pieces
  9618 | D:9      | Received a gift from Nemelex Xobeh
  9846 | D:9      | Reached skill level 11 in Axes
  9881 | D:9      | Identified the +1 orcbow of Dishonour {drain, rF+ rC+ rN+
                  | SInv}
  9936 | D:10     | Entered Level 10 of the Dungeon
  9962 | D:10     | Learned a level 2 spell: Wereblood
  9999 | D:10     | Noticed a two-headed ogre
 10006 | D:10     | Killed a two-headed ogre
 10007 | D:10     | Reached skill level 1 in Transmutations
 10051 | D:10     | Noticed a two-headed ogre
 10062 | D:10     | Killed a two-headed ogre
 10215 | D:10     | Found Otarewke's Armour Shoppe.
 10367 | D:10     | Received a gift from Nemelex Xobeh
 10435 | D:10     | Reached *** piety under Nemelex Xobeh
 10438 | D:10     | Reached skill level 12 in Axes
 10712 | D:11     | Reached XP level 12. HP: 89/92 MP: 18/18
 11085 | D:11     | Reached skill level 13 in Axes
 11213 | D:11     | Received a gift from Nemelex Xobeh
 11896 | Lair:1   | Entered Level 1 of the Lair of Beasts
 11896 | Lair:1   | Noticed P0068685's ghost (journeyman HuIE)
 11896 | Lair:1   | Noticed a minotaur
 12240 | Lair:1   | Reached skill level 14 in Axes
 12576 | Lair:1   | Received a gift from Nemelex Xobeh
 13451 | Lair:1   | Reached **** piety under Nemelex Xobeh
 13549 | Lair:1   | Found a runed translucent gate.
 13549 | Lair:1   | Found a runed translucent gate.
 13549 | Lair:1   | Found a runed translucent gate.
 13779 | Lair:2   | Noticed a death yak
 13788 | Lair:1   | Reached skill level 15 in Axes
 14057 | Lair:2   | Reached XP level 13. HP: 72/98 MP: 19/19
 14240 | Lair:2   | Noticed a six-headed hydra
 14246 | Lair:2   | Killed an eight-headed hydra
 14258 | Lair:2   | Reached skill level 16 in Axes
 14517 | Lair:2   | Reached skill level 1 in Throwing
 14763 | Lair:2   | Slain by a death yak

Illustrated notes

Levels and vault maps discovered:
D:1:      saegor_arrival_fortress, layout_basic
D:2:      layout_basic, minmay_pentomino_x2
D:3:      layout_loops_ring, xom_confusion_cloud, ebering_ecumenical_altar_webs
D:4:      nicolae_cairo_tiling_large_dashed, layout_basic, vehumet_statue,
          serial_shops, shop, portal_sewer_entry_b
D:5:      layout_cave_pools, mainiacjoe_overflow_boulevard, minivault_23,
          minmay_a_box_with_orc_wizards_in_it
D:6:      layout_basic, mainiacjoe_overflow_alcove_2, uniq_edmund
D:7:      layout_layer_cave, mainiacjoe_overflow_tiny_flanked,
          nicolae_hepliaklqana_hazy_memory, minmay_temple_entry_ruins,
          uniq_duvessa
D:8:      layout_loops_cross, mainiacjoe_overflow_brackets,
          grunt_lair_entry_orc_guard_hut, serial_shops,
          nicolae_shop_pleasant_corner_grove, shop, nicolae_lakefront_shop,
          shop, shop, gammafunk_ghost_ooze, uniq_grum, uniq_prince_ribbit1,
          uniq_psyche
D:9:      layout_loops_cross, minmay_orc_keep
D:10:     layout_roguey, serial_shops, nicolae_take_the_stairs
D:11:     layout_irregular_city, nrook_guardian_serpent_ordinary
Lair:1:   layout_gridlike, maelrawn_ghost_gauntlet_escape, st_stairs_8,
          chequers_serial_rivers_room_a, kennysheep_rathole
Lair:2:   layout_chaotic_city, guppyfry_snake_entry_garden, st_stairs_9,
          lemuel_fruit_tree

Skill      XL: |  1  2  3  4  5  6  7  8  9 10 11 12 13 |
---------------+----------------------------------------+-----
Axes           | 3 4 5 6 8 10 12 15 16 | 16.0
Armour         | 4 5 6 7 |  7.6
Fighting       | 4 5 6 7 8 |  8.5
Shields        | 5 6 |  6.6
Invocations    | 2 4 6 8 |  8.6
Dodging        | 1 3 5 |  5.6
Transmutations | 4 |  4.8
Throwing       | 2 |  2.3

Action                     |  1- 3 |  4- 6 |  7- 9 | 10-12 | 13-15 || total
---------------------------+-------+-------+-------+-------+-------++-------
  Melee: War axe           |    83 |   191 |   235 |   434 |    60 ||  1003
  Throw: Dart              |       |     2 |     7 |    20 |     5 ||    34
 Invoke: Draw Summoning    |       |       |       |     1 |     4 ||     5
         Draw Destruction  |       |       |       |     1 |       ||     1
         Deal Four         |       |       |       |       |     1 ||     1
  Evoke: Wand              |       |       |       |     1 |       ||     1
    Use: Scroll            |       |     7 |    10 |     8 |       ||    25
         Potion            |       |     2 |     1 |     3 |     2 ||     8
 Armour: Scale mail        |    54 |    71 |    12 |    34 |    27 ||   198
         Skin              |       |     1 |       |    17 |       ||    18
         Chain mail        |       |       |    25 |       |       ||    25
         Ring mail         |       |       |    43 |   105 |       ||   148
  Dodge: Dodged            |    55 |    65 |    96 |   249 |    27 ||   492
  Block: Buckler           |    25 |    54 |   135 |   307 |    48 ||   569
         Reflection        |       |     1 |     4 |     7 |       ||    12

Table legend: (Time is in decaauts)
 A = Elapsed time spent in this place.
 B = Non-inter-level travel time spent in this place.
 C = Inter-level travel time spent in this place.
 D = Time resting spent in this place.
 E = Time spent auto-exploring this place.
 F = Levels seen in this place.
 G = Mean time per level.
                   A        B        C        D        E       F      G
               +--------+--------+--------+--------+--------+-----+--------+
         Total |  15131 |  14495 |    636 |   1026 |  10617 |  13 | 1163.9 |
       Dungeon |  12678 |  12110 |    568 |    900 |   8826 |  11 | 1152.5 |
          Lair |   2453 |   2385 |     68 |    126 |   1791 |   2 | 1226.5 |
               +--------+--------+--------+--------+--------+-----+--------+

Top non-repeatable levels by time:
     D:8: 2330 daAuts
     D:7: 1871 daAuts
  Lair:1: 1479 daAuts
     D:4: 1231 daAuts
    D:11: 1163 daAuts
     D:6: 1094 daAuts
     D:9: 1065 daAuts
     D:3: 1007 daAuts
  Lair:2: 974 daAuts
    D:10: 800 daAuts
     D:5: 773 daAuts
     D:1: 682 daAuts
     D:2: 657 daAuts
